 Dungeon Crawl Stone Soup version 0.26.1-11-gd32895ea62 (webtiles) character file.

Game seed: 8282855989382437113

571 H0rd4k the Insei (level 7, -4/43 HPs)
             Began as an Octopode Transmuter on May 6, 2021.
             Was an Initiate of Gozag.
             Slain by a centaur (9 damage)
             ... on level 4 of the Dungeon.
             The game lasted 00:03:24 (5194 turns).

H0rd4k the Insei (Octopode Transmuter)              Turns: 5194, Time: 00:03:24

Health: -4/43      AC:  1    Str:  9    XL:     7   Next: 34%
Magic:  12/12      EV: 14    Int: 18    God:    Gozag
Gold:   201        SH:  0    Dex: 12    Spells: 9/13 levels left

rFire    x . .     SeeInvis .     - Unarmed
rCold    + . .     Faith    .   (no shield)
rNeg     . . .     Spirit   .   (helmet restricted)
rPois    .         Reflect  .   (no amulet)
rElec    .         Harm     .   d - ring of ice
rCorr    .         Rampage  .   (no ring)
Will     .....                  (no ring)
Stlth    +++.......             (no ring)
HPRegen  0.14/turn              (no ring)
MPRegen  0.13/turn              (no ring)
                                (no ring)
                                (no ring)

@: no status effects
A: almost no armour, stealthy swim, amphibious, 8 rings, constrict 8, camouflage
1, gelatinous body 1
a: Renounce Religion, Potion Petition, Call Merchant, Bribe Branch


You were on level 4 of the Dungeon.
You worshipped Gozag.
Gozag was aware of your devotion.
You visited 2 branches of the dungeon, and saw 5 of its levels.

You collected 234 gold pieces.
You paid 33 gold pieces to Gozag.

Inventory:

Missiles
 h - 11 poisoned darts
Jewellery
 d - a ring of ice (left tentacle)
 m - an uncursed ring of poison resistance
Wands
 o - a wand of iceblast (5)
Scrolls
 a - 2 scrolls of amnesia {unknown}
 b - 5 scrolls of identify {unknown}
 f - 3 scrolls of remove curse {unknown}
 g - 2 scrolls of enchant armour {unknown}
 i - 3 scrolls of blinking {unknown}
 n - a scroll of teleportation {unknown}
Potions
 c - a potion of mutation {unknown}
 e - a potion of invisibility {unknown}
 j - a potion of haste {unknown}
 k - 2 potions of curing
 l - 2 potions of heal wounds {unknown}
 p - a potion of ambrosia {unknown}


   Skills:
 + Level 1.2 Fighting
 + Level 2.6 Dodging
 + Level 3.4 Stealth
 + Level 5.2 Unarmed Combat
 * Level 3.5 Spellcasting
 * Level 3.7 Transmutations
 * Level 2.7 Poison Magic


You had 9 spell levels left.
You knew the following spells:

 Your Spells              Type           Power        Failure   Level
a - Beastly Appendage     Tmut           32%          3%          1
b - Spider Form           Tmut/Pois      7%           12%         3

Your spell library contained the following spells:

 Spells                   Type           Power        Failure   Level
 Wereblood                Tmut           16%          4%          2
 Ice Form                 Ice/Tmut       14%          58%         4
 Blade Hands              Tmut           8%           67%         5


Dungeon Overview and Level Annotations

Branches:
Dungeon (4/15)             Temple (1/1) D:4

Altars:
Ashenzari
Cheibriados
Dithmenos
Elyvilon
Gozag
Hepliaklqana
Kikubaaqudgha
Makhleb
Nemelex Xobeh
Okawaru
Qazlal
Ru
Trog
Uskayaw
Vehumet
Wu Jian
Yredelemnul
The Shining One

Annotations:
D:4 exclusion: phantom


Innate Abilities, Weirdness & Mutations

You cannot wear most types of armour.
You are very stealthy in the water. (Stealth+)
You are amphibious.
You can wear up to eight rings at the same time.
You can use your tentacles to constrict eight enemies at once.
Your skin changes colour to match your surroundings (Stealth+).
Your rubbery body absorbs attacks. (AC +1, EV +1)


Message History

The centaur misses you.
You tentacle-slap the centaur but do no damage.
Your tentacle-slap misses the centaur.
The centaur is severely wounded.
The centaur closely misses you. The leopard gecko barely misses you.
You tentacle-slap the centaur.
The centaur is almost dead.
The centaur closely misses you. The leopard gecko barely misses you.
The centaur barely misses you.
You barely miss the centaur. Your squeeze misses the centaur.
The centaur is almost dead.
The leopard gecko bites you.
* * * LOW HITPOINT WARNING * * *
The centaur hits you.
* * * LOW HITPOINT WARNING * * *
You closely miss the centaur.
The centaur is almost dead.
The centaur hits you!
You die...
Your body crumbles into a pile of gold.

....... ..... ..#
####### .[..##..###
.........# #........#
###### ##........#
........###(...)....#
.######.).....(.....#
#.........#.....l...#
.#.## #. ##....@c..#
....# #.####.###.####
.#..# #......# #.#
.#..# ##<.######.#
.#..# #.........#
##..# #.........#
##..# #...#######
##..####.[.#
.#.......#.#


You could see a centaur and a leopard gecko.

Vanquished Creatures
  Sigmund (D:3)
  An ogre (D:4)
  A scorpion (D:4)
  A howler monkey (D:4)
  A hound (D:4)
  An orc wizard (D:4)
  Ijyb (D:3)
  6 adders
  A shadow imp (D:4)
  An adder skeleton (D:4)
  6 worms
  3 dart slugs
  2 leopard geckos (D:1)
  5 orcs (D:4)
  3 bats
  2 giant cockroaches
  10 goblins
  12 hobgoblins
  3 jackals (D:4)
  2 quokkas
  2 frilled lizards
  7 kobolds
  A leopard gecko skeleton (D:4)
  9 rats
82 creatures vanquished.

Notes
Turn   | Place    | Note
-------+----------+-------------------------------------------
     0 | D:1      | H0rd4k the Octopode Transmuter began the quest for the Orb.
     0 | D:1      | Reached XP level 1. HP: 13/13 MP: 3/3
   364 | D:1      | Reached XP level 2. HP: 6/18 MP: 5/5
  1125 | D:1      | Reached XP level 3. HP: 4/23 MP: 6/6
  1431 | D:1      | Learned a level 3 spell: Spider Form
  1773 | D:2      | Reached skill level 1 in Stealth
  2311 | D:2      | Found an iron altar of Okawaru.
  2315 | D:2      | Reached XP level 4. HP: 28/28 MP: 7/7
  2836 | D:2      | Found a faded altar of an unknown god.
  3264 | D:3      | Found a sparkling altar of Nemelex Xobeh.
  3290 | D:3      | Reached XP level 5. HP: 33/33 MP: 9/9
  3746 | D:3      | Reached skill level 4 in Unarmed Combat
  3790 | D:3      | Noticed Ijyb
  3802 | D:3      | Killed Ijyb
  3947 | D:3      | Noticed Sigmund
  3961 | D:3      | Killed Sigmund
  3962 | D:3      | Reached skill level 1 in Poison Magic
  3962 | D:3      | Reached XP level 6. HP: 16/38 MP: 7/10
  4481 | D:4      | Found a staircase to the Ecumenical Temple.
  4547 | Temple   | Entered the Ecumenical Temple
  4625 | Temple   | Became a worshipper of Gozag Ym Sagoz the Greedy
  4772 | D:4      | Reached skill level 5 in Unarmed Combat
  4772 | D:4      | Reached XP level 7. HP: 41/43 MP: 8/12
  5194 | D:4      | Slain by a centaur

Illustrated notes

Levels and vault maps discovered:
D:1:      dpeg_arrival_round_b, layout_basic
D:2:      layout_rooms, kennysheep_okawaru_gauntlet,
          chequers_ecumenical_altar_grove, kennysheep_cross_room
D:3:      layout_basic, nemelex_xobeh_ov_fountains_minmay, minivault_23,
          uniq_ijyb, uniq_sigmund
D:4:      layout_loops_ring, minmay_temple_entry_statues_fountains,
          serial_shops, nicolae_shop_behind_doors
Temple:   nicolae_temple_elliptical

Skill      XL: |  1  2  3  4  5  6 |
---------------+-------------------+-----
Stealth        | 1 2 3 |  3.4
Unarmed Combat | 4 5 |  5.2
Spellcasting   | 3 |  3.5
Transmutations | 3 |  3.7
Poison Magic   | 1 2 |  2.7
Fighting       | |  1.2
Dodging        | |  2.6

Action                   |  1- 3 |  4- 6 |  7- 9 || total
-------------------------+-------+-------+-------++-------
Melee: Unarmed           |    90 |   123 |    37 ||   250
       Constrict         |    26 |    26 |     8 ||    60
       Tentacles         |    14 |    24 |    12 ||    50
       Punch             |     2 |     2 |       ||     4
 Cast: Spider Form       |       |     3 |     1 ||     4
 Stab: Sleeping          |    15 |     6 |     1 ||    22
       Distracted        |       |     1 |       ||     1
Armor: Skin              |     6 |     2 |       ||     8
Dodge: Dodged            |    47 |    61 |    25 ||   133
